cohdb
Replays
Latest Replays
All Replays
Popular Replays
Top Player Replays
Match Explorer
How It Works
Community
CoH3 Stats
Reddit
Sign in to upload your games and track your stats! →
Sign in with Steam
Match 47114585
Unlisted
Match 47114585
Overview
Messages
Build Orders
End
Construct Barracks
Selects Advanced Infantry Battlegroup
Riflemen Squad
Riflemen Squad
Construct Weapon Support Center
M1919 Machine Gun Team
Grenade Package
Bazooka Squad
Bazooka Squad
Selects Convert to Ranger Squad
Bazooka Squad
M1919 Machine Gun Team
Mechanized Support Center
Selects Frontline Medical Station
Frontline Medical Station
Convert to Ranger Squad
Improved M9 Bazooka Rockets
Construct Tank Depot
M18 Hellcat Tank Destroyer
Designate Forward Repair Station
Selects Infantry Assault
Infantry Assault
M18 Hellcat Tank Destroyer
Infantry Assault
M18 Hellcat Tank Destroyer
Bazooka Squad
Infantry Assault
Bazooka Squad
Infantry Assault
M18 Hellcat Tank Destroyer
Coletti1995
Parmenides
Rashid al-Din Fadlullah Hamadani
poe2 is
secyde
Coleslaw
0
0
Comments
sign in to comment!
No comments posted yet!